 Dungeon Crawl Stone Soup version 0.31-a0-819-gf6de2f5ab6 (webtiles) character file.

Game seed: 4867585858885221975

98 qw the Shooter (level 4, -1/28 HPs)
             Began as a Gargoyle Hunter on Sept 23, 2023.
             Killed by divine providence
             ... invoked by an orc priest
              (14 damage)
             ... on level 3 of the Dungeon.
             The game lasted 00:00:41 (1486 turns).

qw the Shooter (Gargoyle Hunter)                    Turns: 1486, Time: 00:00:42

Health: -1/28      AC: 11    Str: 15    XL:     4   Next: 69%
Magic:  4/4        EV: 11    Int:  9    God:
Gold:   143        SH:  0    Dex: 15    Spells: 3/3 levels left

rFire   . . .        Y - +0 shortbow
rCold   . . .        (shield currently unavailable)
rNeg    + . .        i - +0 ring mail
rPois   inf          (no helmet)
rElec   +            (no cloak)
rCorr   .            a - +0 pair of gloves
SInv    .            g - +0 pair of boots
Will    .....        (no amulet)
Stlth   +            (no ring)
HPRegen 0.24/turn    (no ring)
MPRegen 0.09/turn

%: no passive effects
@: no status effects
A: sickness immunity, AC +3, negative energy resistance 1, electricity
resistance, torment resistance 1, petrification resistance
a: no special abilities


You were on level 3 of the Dungeon.
You visited 1 branch of the dungeon, and saw 3 of its levels.

You collected 143 gold pieces.


Innate Abilities, Weirdness & Mutations

You are immune to sickness and miasma.
Your stone body is resilient. (AC +3)
You are immune to poison.
You resist negative energy. (rN+)
You are resistant to electric shocks. (rElec)
You are resistant to unholy torment.
You are immune to petrification.


   Skills:
 - Level 3.0 Fighting
 + Level 5.3 Ranged Weapons
 - Level 1.5 Armour
 - Level 1.5 Dodging
 - Level 1.1 Stealth


You had 3 spell levels left.
You didn't know any spells.
Your spell library was empty.

Inventory:

Hand Weapons
 Y - a +0 shortbow (weapon)
Armour
 a - a +0 pair of gloves (worn)
 g - a +0 pair of boots (worn)
 i - a +0 ring mail (worn)
Scrolls
 d - a scroll of fear {unknown}
 e - 4 scrolls of teleportation
Potions
 b - a potion of might
 c - a potion of enlightenment
 h - a potion of lignification {unknown}
 k - a potion of invisibility {unknown}

Dungeon Overview and Level Annotations

Branches:
Dungeon (3/15)

Altars:
Fedhas


Message History

You shoot an arrow. The arrow closely misses the orc.
The orc throws a boomerang.
The boomerang hits you but does no damage.
You shoot an arrow. The arrow hits the orc.
The orc is heavily wounded.
You shoot an arrow. The arrow hits the orc!
You kill the orc!
An orc priest comes into view. It is wielding a +0 mace.
You shoot an arrow.
The arrow completely misses the orc priest.
The orc priest shouts!
The orc priest mumbles some strange prayers to Beogh against you.
Beogh smites you!
1464 ||| FLEEEEING.
1465 ||| FLEEEEING.
1466 ||| STILL FLEEEEING.
1467 ||| STILL FLEEEEING.
1468 ||| STILL FLEEEEING.
1469 ||| STILL FLEEEEING.
1470 ||| FLEEEEING.
1471 ||| STILL FLEEEEING.
1472 ||| STILL FLEEEEING.
1473 ||| STILL FLEEEEING.
1474 ||| STILL FLEEEEING.
1475 ||| STILL FLEEEEING.
1476 ||| STILL FLEEEEING.
1477 ||| STILL FLEEEEING.
1478 ||| STILL FLEEEEING.
1479 ||| STILL FLEEEEING.
You start resting.
An orc priest is nearby!
You shoot an arrow. The arrow hits the orc priest!
The orc priest is heavily wounded.
The orc priest calls down the wrath of Beogh upon you.
Beogh smites you!
You shoot an arrow. The arrow barely misses the orc priest.
The orc priest invokes the aid of Beogh against you.
Beogh smites you!
Ouch! That really hurt!
You die...

+..# +..........##
##.####...........#
......#.#####'#...# #.##...#
#.#...# #.###..#####.#...###
#.#####...................
#................#.#######
#.#########.###...##.#...#
#..............@.....#.#########
#.#####..##..........#..........
#...<..##.)........#..........
#####..........................
#.......#..........##.###......
#.#..<)....#####......###......
#:.......# #.####..##......
#........##.# #.o.............
#..#.###.# ... #..####.###.....


You could see an orc priest.

Vanquished Creatures
  5 adders (D:2)
  A dart slug (D:1)
  2 orcs (D:3)
  4 endoplasms
  2 giant cockroaches
  5 goblins (D:1)
  4 hobgoblins
  4 quokkas
  10 ball pythons
  3 bats
  5 frilled lizards
  3 kobolds
  3 rats
51 creatures vanquished.

Notes
Turn   | Place    | Note
-------+----------+-------------------------------------------
     0 | D:1      | qw the Gargoyle Hunter began the quest for the Orb.
     0 | D:1      | Reached XP level 1. HP: 12/12 MP: 1/1
     0 | D:1      | 0 ||| qw: Version: 0.3-a-83-gcd0e7d8
     0 | D:1      | 0 ||| qw: Game counter: 1441
     0 | D:1      | 0 ||| qw: Melee chars always use a shield: true
     0 | D:1      | 0 ||| qw: God list: Okawaru
     0 | D:1      | 0 ||| qw: Allow faded altars: false
     0 | D:1      | 0 ||| qw: Do Orc after clearing Dungeon:15 true
     0 | D:1      | 0 ||| qw: Do second Lair branch before Depths: true
     0 | D:1      | 0 ||| qw: Lair rune preference: random
     0 | D:1      | 0 ||| qw: Goals: Normal
     0 | D:1      | 0 ||| PLANNING D:1-11
    46 | D:1      | 46 ||| Stepping ~*~*~tactically~*~*~ (retreating).
    47 | D:1      | 47 ||| Stepping ~*~*~tactically~*~*~ (retreating).
    54 | D:1      | Reached XP level 2. HP: 10/17 MP: 2/2
   727 | D:1      | 727 ||| UPGRADING to +0 pair of boots.
   732 | D:1      | 732 ||| UPGRADING to +0 ring mail.
   742 | D:1      | 742 ||| DROPPING +0 leather armour.
   743 | D:1      | 743 ||| READING scroll labelled DEJ LASMEH.
   744 | D:1      | 744 ||| READING 3 scrolls labelled BEDAX NIXT.
   749 | D:1      | 749 ||| READING scroll labelled XOINTO JAS PYO.
   750 | D:1      | 750 ||| READING scroll labelled ZIXZOPSUCLI.
   751 | D:1      | 751 ||| READING scroll labelled TANIPN RIZIOSYONAT.
   752 | D:1      | 752 ||| READING scroll labelled LESAWU CEWN.
   753 | D:1      | 753 ||| DROPPING scroll of butterflies.
   786 | D:2      | Reached XP level 3. HP: 21/21 MP: 3/3
   868 | D:2      | Reached skill level 1 in Armour
   954 | D:2      | Reached skill level 5 in Ranged Weapons
  1002 | D:2      | Identified the +4 flail of Upepulu {speed, +Blink Int+2}
  1009 | D:2      | Reached XP level 4. HP: 27/27 MP: 4/4
  1049 | D:2      | Reached skill level 3 in Fighting
  1063 | D:2      | Found a blossoming altar of Fedhas.
  1341 | D:2      | 1341 ||| UPGRADING to +0 pair of gloves.
  1346 | D:2      | 1346 ||| DRINKING 2 glowing green potions.
  1347 | D:2      | 1347 ||| DRINKING 2 fuming brown potions.
  1357 | D:3      | 1357 ||| STAIRDANCE
  1464 | D:3      | 1464 ||| FLEEEEING.
  1465 | D:3      | 1465 ||| FLEEEEING.
  1470 | D:3      | 1470 ||| FLEEEEING.
  1486 | D:3      | Killed from afar by an orc priest

Levels and vault maps discovered:
D:1:      psy_arrival_conway, layout_loops_ring, minmay_tetromino_s4
D:2:      layout_loops_ring, basic_altar, minmay_misc_feat_plants
D:3:      layout_basic, hellmonk_ecumenical_altar_leap_of_faith

Skill      XL: |  1  2  3  4 |
---------------+-------------+-----
Armour         | 1 |  1.5
Ranged Weapons | 5 |  5.3
Fighting       | 3 |  3.0
Dodging        | |  1.5
Stealth        | |  1.1

Action                     |  1- 3 |  4- 6 || total
---------------------------+-------+-------++-------
   Fire: Shortbow          |   104 |    57 ||   161
    Use: Scroll            |     6 |       ||     6
         Potion            |       |     2 ||     2
 Armour: Leather armour    |    26 |       ||    26
         Ring mail         |     7 |    47 ||    54
  Dodge: Dodged            |    30 |    41 ||    71

Table legend:
 A = Non-vault XP
 B = Vault XP
 C = Vault XP percentage of total XP
 D = Non-vault monster count
 E = Vault monster count
 F = Vault count percentage of total count
                 A         B        C        D         E       F
            +---------+---------+-------+---------+---------+-------
      Total |     138 |       2 |   1.4 |      49 |       2 |   3.9
            +---------+---------+-------+---------+---------+-------
        D:1 |      31 |       2 |   6.1 |      19 |       2 |   9.5
        D:2 |      95 |       0 |   0.0 |      24 |       0 |   0.0
        D:3 |      12 |       0 |   0.0 |       6 |       0 |   0.0
            +---------+---------+-------+---------+---------+-------
